 Dungeon Crawl Stone Soup version 0.27-a0-333-gfa571bf19a (webtiles) character file.

Game seed: 14953930712639802008

6285 wakim the Martial Artist (level 10, -22/69 HPs)
             Began as an Octopode Transmuter on Feb 12, 2021.
             Was an Initiate of Gozag.
             Killed from afar by a fire dragon (35 damage)
             ... with a blast of flame
             ... on level 10 of the Dungeon.
             The game lasted 00:36:30 (11499 turns).

wakim the Martial Artist (Octopode Transmuter)     Turns: 11499, Time: 00:36:31

Health: -22/69     AC:  2    Str: 10    XL:     10   Next: 94%
Magic:  16/16      EV: 24    Int: 18    God:    Gozag
Gold:   1267       SH:  5    Dex: 18    Spells: 14/17 levels left

rFire    . . .     SeeInvis .     - Unarmed
rCold    . . .     Faith    .   (shield currently unavailable)
rNeg     . . .     Spirit   .   (helmet currently unavailable)
rPois    x         Reflect  +   g - amulet of reflection
rElec    .         Harm     .   p - ring of willpower
rCorr    +         Rampage  .   t - ring of resist corrosion
Will     +....                  b - +4 ring of slaying
Stlth    +++.......             (no ring)
HPRegen  0.21/turn              (no ring)
MPRegen  0.15/turn              (no ring)
                                (no ring)
                                (no ring)

@: spider-form
A: tiny, almost no armour, stealthy swim, (amphibious), 8 rings, (constrict 8)
a: End Transformation, Renounce Religion, Potion Petition, Call Merchant, Bribe
Branch


You were on level 10 of the Dungeon.
You worshipped Gozag.
Gozag was most pleased with you.
You were a venomous arachnid creature.
You visited 2 branches of the dungeon, and saw 11 of its levels.

You collected 1313 gold pieces.
You paid 46 gold pieces to Gozag.

Inventory:

Missiles
 a - 42 poisoned darts
 j - 5 throwing nets
Armour
 e - the +3 hat of Pondering (melded) {ponderous, Will+ MP+10 Int+5}
   (You acquired it on level 7 of the Dungeon)

   It affects your intelligence (+5).
   It affects your willpower, your defense against some magical effects.
   It affects your magic capacity (+10).
 h - a +0 kite shield (melded)
Jewellery
 b - a +4 ring of slaying (on tentacle)
 g - an amulet of reflection (around neck)
 p - a ring of willpower (left front leg)
 r - an amulet of the acrobat
 t - a ring of resist corrosion (right front leg)
 z - an amulet of guardian spirit
Wands
 u - a wand of flame (4)
 C - a wand of charming (8)
Scrolls
 f - a scroll of amnesia
 k - 5 scrolls of identify
 l - 4 scrolls of teleportation
 m - 2 scrolls of blinking
 n - a scroll of summoning {unknown}
 q - 3 scrolls of fog
 y - a scroll of enchant weapon
Potions
 c - 4 potions of attraction
 d - a potion of haste {unknown}
 i - 3 potions of berserk rage
 o - 2 potions of magic
 s - 2 potions of degeneration {unknown}
 v - 2 potions of heal wounds
 w - a potion of lignification {unknown}
 x - a potion of cancellation {unknown}
 A - 2 potions of brilliance {unknown}
 B - 6 potions of curing
 D - a potion of invisibility {unknown}


   Skills:
 + Level 6.5 Fighting
 - Level 5.6 Dodging
 - Level 6.4 Stealth
 * Level 3.1 Shields
 - Level 9.6 Unarmed Combat
 - Level 4.0 Spellcasting
 + Level 7.0 Transmutations
 + Level 4.5 Poison Magic


You had 14 spell levels left.
You knew the following spells:

 Your Spells              Type           Power        Failure   Level
b - Spider Form           Tmut/Pois      12%          13%         3

Your spell library contained the following spells:

 Spells                   Type           Power        Failure   Level
 Beastly Appendage        Tmut           56%          4%          1
 Wereblood                Tmut           28%          6%          2
 Animate Skeleton         Necr           6%           32%         1
 Pain                     Necr           12%          32%         1
 Blade Hands              Tmut           14%          43%         5
 Ice Form                 Ice/Tmut       16%          56%         4
 Vampiric Draining        Necr           1%           63%         3
 Animate Dead             Necr           1%           93%         4
 Agony                    Necr           3%           99%         5


Dungeon Overview and Level Annotations

Branches:
Dungeon (10/15)            Temple (1/1) D:4            Lair (0/6) D:10
    Orc (0/2) D:9

Altars:
Ashenzari
Cheibriados
Dithmenos
Elyvilon
Fedhas
Gozag
Hepliaklqana
Makhleb
Nemelex Xobeh
Okawaru
Qazlal
Ru
Sif Muna
Trog
Uskayaw
Xom
Zin

Shops:
D:8 (

Annotations:
D:6 exclusion: oklob plant


Innate Abilities, Weirdness & Mutations

You cannot wear most types of armour.
You are very stealthy in the water. (Stealth+)
((You are amphibious.))
You can wear up to eight rings at the same time.
((You can use your tentacles to constrict eight enemies at once.))
((Your skin changes colour to match your surroundings (Stealth+).))
((Your rubbery body absorbs attacks. (AC +1, EV +1)))


Message History

The fire dragon moves out of view.
You turn into a venomous arachnid creature.
The +3 hat of Pondering {ponderous, Will+ MP+10 Int+5} melds into your body.
Your +0 kite shield melds into your body.
That put a bit of spring back into your step.
You open the large door. The fire dragon breathes flames at you.
The blast of flame hits you!!
A gargoyle comes into view. It is wielding a +0 mace.
There is a large open door here.
The fire dragon bites you! The fire dragon closely misses you.
The fire dragon barely misses you.
You bite the fire dragon!
The fire dragon is poisoned.
The fire dragon is lightly wounded.
The fire dragon barely misses you. You block the fire dragon's attack.
The fire dragon tramples you.
* * * LOW HITPOINT WARNING * * *
You stumble backwards!
You bite the fire dragon!
The fire dragon looks as sick as possible!
The fire dragon is moderately wounded.
You bite the fire dragon!
The fire dragon looks as sick as possible!
The fire dragon is heavily wounded.
The fire dragon closely misses you. The fire dragon completely misses you.
The fire dragon tramples you!
* * * LOW HITPOINT WARNING * * *
You stumble backwards!
You hit the fire dragon but do no damage.
The fire dragon is heavily wounded.
The fire dragon bites you!
* * * LOW HITPOINT WARNING * * *
The fire dragon closely misses you. The fire dragon completely misses you.
You completely miss the fire dragon.
The fire dragon is heavily wounded.
The fire dragon breathes flames at you. The blast of flame hits you!!
Ouch! That really hurt!
You die...
Your body crumbles into a pile of gold.

.....# #.#####...# .....#
#.........###
.....#########...........#
.........................#
.........................#
.....................<...#
########.................#
# #.................# #
#........s........# #
#.....#'D######...# #####
#.....§........#...#
.........≈§§§.§......#...#
........≈≈§≈9§§§.....#
.........≈≈§§§§§.....#
........≈§≈§.§§§.#####
..... ..§≈≈§.§≈.## .....
..§§≈§.≈..


You could see a fire dragon (extremely poisoned, catching breath) and a
gargoyle.

Vanquished Creatures
  Harold (D:8)
  Pikel (D:4)
  A troll (D:9)
  Prince Ribbit (D:7)
  Sigmund (D:3)
  Grum (D:8)
  Menkaure (D:4)
  Duvessa (D:4)
  5 orc warriors
  2 black bears (D:7)
  2 sky beasts
  2 ice beasts (D:9)
  9 ogres
  3 wolves (D:8)
  4 centaurs
  3 phantoms
  A lemure (D:4)
  Blork the orc (D:4)
  2 bullfrogs
  Dowan (D:4)
  A scorpion (D:2)
  7 killer bees
  2 howler monkeys
  3 wights (D:8)
  2 hounds
  Crazy Yiuf (D:6)
  A centaur skeleton (D:9)
  3 orc priests
  2 jellies
  An iguana (D:10)
  8 orc wizards
  2 worker ants
  A hound zombie (D:5)
  A worker ant zombie (D:6)
  A howler monkey skeleton (D:7)
  10 adders
  6 river rats (D:3)
  2 shadow imps
  7 white imps
  An ooze (D:3)
  An adder skeleton (D:4)
  An adder zombie (D:9)
  5 worms
  A dart slug (D:1)
  4 leopard geckos
  29 orcs
  8 bats
  6 giant cockroaches
  7 goblins
  6 hobgoblins
  6 jackals
  4 quokkas
  2 ball pythons
  6 frilled lizards
  7 kobolds
  A leopard gecko zombie (D:5)
  14 rats
213 creatures vanquished.

Vanquished Creatures (others)
  2 fungi (D:10)
  4 plants (D:10)
6 creatures vanquished.

Grand Total: 219 creatures vanquished

Notes
Turn   | Place    | Note
-------+----------+-------------------------------------------
     0 | D:1      | wakim the Octopode Transmuter began the quest for the Orb.
     0 | D:1      | Reached XP level 1. HP: 13/13 MP: 3/3
   106 | D:1      | You fall into a shaft and drop 1 floor!
   410 | D:2      | Reached XP level 2. HP: 17/18 MP: 5/5
   792 | D:2      | Reached XP level 3. HP: 22/23 MP: 6/6
   796 | D:2      | Learned a level 3 spell: Spider Form
  1964 | D:2      | Reached XP level 4. HP: 28/28 MP: 7/7
  2141 | D:2      | Reached skill level 1 in Poison Magic
  2144 | D:2      | Reached XP level 5. HP: 33/33 MP: 5/9
  2335 | D:2      | Found a glowing silver altar of Zin.
  2553 | D:3      | Noticed Sigmund
  2622 | D:3      | Killed Sigmund
  2623 | D:3      | Reached skill level 5 in Transmutations
  2623 | D:3      | Reached XP level 6. HP: 22/38 MP: 7/11
  2691 | D:3      | Found a burning altar of Makhleb.
  2691 | D:3      | Found a snail-covered altar of Cheibriados.
  2693 | D:3      | Found a blossoming altar of Fedhas.
  2715 | D:3      | Found a hide-covered altar of Uskayaw.
  2855 | D:3      | Found a glowing drain.
  3057 | D:3      | Found a hazy altar of Hepliaklqana.
  3635 | D:4      | Noticed Blork the orc
  3666 | D:4      | Reached XP level 7. HP: 43/43 MP: 9/12
  3685 | D:4      | Noticed Pikel
  3711 | D:4      | Killed Pikel
  3712 | D:4      | Reached skill level 6 in Unarmed Combat
  3712 | D:4      | Reached XP level 8. HP: 18/48 MP: 12/14
  4110 | D:4      | Reached skill level 1 in Stealth
  4265 | D:4      | Killed Blork the orc
  4455 | D:4      | Reached skill level 7 in Unarmed Combat
  4458 | D:4      | Noticed Menkaure
  4619 | D:4      | Killed Menkaure
  4836 | D:4      | Found a staircase to the Ecumenical Temple.
  4850 | Temple   | Entered the Ecumenical Temple
  4855 | Temple   | Became a worshipper of Gozag Ym Sagoz the Greedy
  4929 | D:4      | Noticed Duvessa
  4933 | D:4      | Noticed Dowan
  4946 | D:4      | Killed Duvessa
  4946 | D:4      | Killed Dowan
  5284 | D:4      | Found an iron altar of Okawaru.
  5416 | D:5      | Entered Level 5 of the Dungeon
  5482 | D:5      | Reached XP level 9. HP: 43/55 MP: 8/15
  5899 | D:5      | Reached skill level 8 in Unarmed Combat
  6394 | D:5      | Found a stormy altar of Qazlal.
  7050 | D:6      | Found a runed translucent door.
  7051 | D:6      | Noticed Crazy Yiuf
  7062 | D:6      | Killed Crazy Yiuf
  7223 | D:6      | Found a shadowy altar of Dithmenos.
  7225 | D:6      | Noticed an oklob plant
  7793 | D:7      | Reached skill level 5 in Stealth
  8172 | D:7      | Noticed Prince Ribbit
  8212 | D:7      | Killed Prince Ribbit
  8231 | D:7      | Found a white marble altar of Elyvilon.
  8247 | D:7      | Reached skill level 9 in Unarmed Combat
  8253 | D:7      | Reached skill level 5 in Dodging
  8343 | D:7      | Reached XP level 10. HP: 30/65 MP: 13/16
  8931 | D:7      | Identified 2 scrolls of acquirement
  8931 | D:7      | Acquired a +4 ring of slaying
  8934 | D:7      | Acquired the +3 hat of Pondering {ponderous, Will+ MP+10
                  | Int+5}
  8935 | D:7      | Found the +3 hat of Pondering {ponderous, Will+ MP+10
                  | Int+5}
  9083 | D:8      | Reached skill level 5 in Fighting
  9425 | D:8      | Noticed Grum
  9444 | D:8      | Killed Grum
  9730 | D:8      | Noticed Harold
  9747 | D:8      | Killed Harold
 10047 | D:8      | Found Giadgh's Antique Weapon Boutique.
 10399 | D:9      | Reached skill level 1 in Shields
 10514 | D:9      | Found a staircase to the Orcish Mines.
 11331 | D:10     | Entered Level 10 of the Dungeon
 11489 | D:10     | Found a staircase to the Lair.
 11490 | D:10     | Noticed a fire dragon
 11493 | D:10     | Noticed a gargoyle
 11499 | D:10     | Killed from afar by a fire dragon

Illustrated notes

Levels and vault maps discovered:
D:1:      erik_arrival_triangle_small, layout_basic
D:2:      minmay_evil_eye, layout_loops_cross, zin_scriptorium, serial_glass,
          glass_columns_b, glass_columns_c
D:3:      minmay_diamond_boxcup, layout_loops_ring,
          nicolae_overflow_crystal_walls, gammafunk_temple_overflow_claw,
          eat_drink_and_be_merry_uskayaw, lightli_sewer_entry_pipes,
          uniq_sigmund
D:4:      layout_rooms, overflow_temple_1_default,
          minmay_temple_entry_proselytizer, grunt_decor_mini_mirrors,
          uniq_menkaure, uniq_duvessa, uniq_blork_the_orc, uniq_pikel
D:5:      layout_loops_ring, grunt_qazlal_sundering
D:6:      layout_loops_corners, grunt_decor_fettered, corexii_shack,
          lemuel_oklob_altar, uniq_crazy_yiuf_cottage
D:7:      layout_cave_pools, lemuel_doored_altar, uniq_prince_ribbit1
D:8:      layout_cave_pods, serial_shops, shop, uniq_harold, uniq_grum
D:9:      layout_irregular_city, david_orc_2, chequers_serial_rivers_micro_b
D:10:     layout_irregular_city, minmay_lair_entry_lava,
          kennysheep_pointless_box, tgw_fedhas
Temple:   cyrus_circular_temple

Skill      XL: |  1  2  3  4  5  6  7  8  9 10 |
---------------+-------------------------------+-----
Transmutations | 3 5 6 7 |  7.0
Poison Magic   | 1 2 4 |  4.5
Spellcasting   | 3 4 |  4.0
Unarmed Combat | 6 7 9 |  9.6
Stealth        | 3 6 |  6.4
Fighting       | 2 4 6 |  6.5
Dodging        | 3 5 |  5.6
Shields        | 3 |  3.1

Action                   |  1- 3 |  4- 6 |  7- 9 | 10-12 || total
-------------------------+-------+-------+-------+-------++-------
Melee: Unarmed           |    84 |   171 |   213 |   193 ||   661
       Constrict         |    23 |    20 |     6 |       ||    49
       Tentacles         |    12 |    11 |     6 |       ||    29
       Kick              |     2 |       |       |       ||     2
       Punch             |       |     3 |       |       ||     3
Throw: Dart              |    23 |       |       |       ||    23
 Cast: Beastly Appendage |     3 |       |       |       ||     3
       Spider Form       |     1 |    13 |    32 |    21 ||    67
  Use: Scroll            |       |       |       |    14 ||    14
 Stab: Sleeping          |     5 |     6 |     4 |     7 ||    22
Armor: Skin              |    12 |    12 |     9 |     2 ||    35
Dodge: Dodged            |    53 |    86 |   137 |   155 ||   431
Block: Other             |       |    28 |    30 |    31 ||    89
       Reflection        |       |       |       |     1 ||     1

Table legend: (Time is in decaauts)
 A = Elapsed time spent in this place.
 B = Non-inter-level travel time spent in this place.
 C = Inter-level travel time spent in this place.
 D = Time resting spent in this place.
 E = Time spent auto-exploring this place.
 F = Levels seen in this place.
 G = Mean time per level.
                   A        B        C        D        E       F      G
               +--------+--------+--------+--------+--------+-----+--------+
         Total |  11549 |  11221 |    328 |   3540 |   5601 |  11 | 1049.9 |
       Dungeon |  11527 |  11199 |    328 |   3529 |   5601 |  10 | 1152.7 |
        Temple |     21 |     21 |      0 |     11 |      0 |   1 |   21.0 |
               +--------+--------+--------+--------+--------+-----+--------+

Top non-repeatable levels by time:
     D:3: 1543 daAuts
     D:2: 1458 daAuts
     D:8: 1446 daAuts
     D:4: 1302 daAuts
     D:6: 1298 daAuts
     D:5: 1259 daAuts
     D:1: 1076 daAuts
     D:9: 1009 daAuts
     D:7: 961 daAuts
    D:10: 171 daAuts
  Temple: 21 daAuts
